 Dungeon Crawl Stone Soup version 0.29-a0-886-gfb1a3fa8b1 (webtiles) character file.

Game seed: 3772909587079540258

2413 zimplof the Covert (level 9, -5/39 HPs)
             Began as a Spriggan Enchanter on July 21, 2022.
             Was an Initiate of Dithmenos.
             Killed from afar by an orc wizard (9 damage)
             ... with a magic dart
             ... on level 7 of the Dungeon.
             The game lasted 00:17:39 (9569 turns).

zimplof the Covert (Spriggan Enchanter)             Turns: 9569, Time: 00:17:40

Health: -5/39      AC:  8    Str:  7    XL:     9   Next: 23%
Magic:  15/23      EV: 17    Int: 16    God:    Dithmenos [......]
Gold:   433        SH:  0    Dex: 19    Spells: 12/27 levels left

rFire   + . .      SeeInvis +   a - +1 dagger (venom)
rCold   . . .      Faith    .   (no shield)
rNeg    + . .      Spirit   .   F - +1 steam dragon scales
rPois   .          Reflect  .   (helmet restricted)
rElec   .          Harm     .   (no cloak)
rCorr   .          Rampage  .   (gloves unavailable)
Will    +....                   (boots unavailable)
Stlth   +++++.....              k - amulet of the acrobat
HPRegen 0.13/turn               e - ring of positive energy
MPRegen 0.18/turn               n - ring of protection from fire

@: studying Long Blades, very quick
A: very small, no large weapons, unfitting armour, see invisible, speed 3,
hooves 1, iridescent scales 1, agile 1
a: Renounce Religion


You were on level 7 of the Dungeon.
You worshipped Dithmenos.
Dithmenos was noncommittal.
You visited 2 branches of the dungeon, and saw 8 of its levels.
You also visited: Ossuary.

You collected 433 gold pieces.

Inventory:

Hand Weapons
 a - a +1 dagger of venom (weapon)
 v - the +6 spear of Beogh, Freezing {spect, *Slow rElec rPois Stlth+}
   (You found it on level 6 of the Dungeon)

   When its wielder attacks, the weapon's spirit leaps out and strikes again.
   The spirit shares a part of any damage it takes with its wielder.
   rElec:     It insulates you from electricity.
   rPois:     It protects you from poison.
   *Slow:     It may slow you when you take damage.
   Stlth:     It makes you more stealthy.
Missiles
 p - 3 atropa-tipped darts (quivered)
 q - 3 poisoned darts
Armour
 F - +1 steam dragon scales (worn)
Jewellery
 e - a ring of positive energy (left hand)
 k - an amulet of the acrobat (around neck)
 n - a ring of protection from fire (right hand)
Wands
 b - a wand of roots (12)
 c - a wand of mindburst (10)
 j - a wand of paralysis (27)
 t - a wand of flame (43)
Scrolls
 f - a scroll of teleportation
 h - 2 scrolls of poison
 i - 3 scrolls of amnesia
 s - 2 scrolls of magic mapping
 w - 2 scrolls of vulnerability
 y - 3 scrolls of blinking
 C - a scroll of immolation
 E - a scroll of fog
Potions
 d - a potion of resistance
 g - 3 potions of lignification
 l - a potion of magic {unknown}
 m - 2 potions of heal wounds
 o - a potion of ambrosia {unknown}
 r - 3 potions of curing
 x - a potion of flight
 A - a potion of haste {unknown}
 D - 2 potions of might


   Skills:
 - Level 1.1 Short Blades
 - Level 2.6 Dodging
 + Level 10.8 Stealth
 + Level 9.5 Spellcasting
 + Level 9.8 Hexes


You had 12 spell levels left.
You knew the following spells:

 Your Spells              Type           Power      Damage    Failure   Level
a - Ensorcelled Hibernat  Hex/Ice        46%        N/A       1%          2
b - Tukima's Dance        Hex            39%        N/A       1%          3
c - Dazzling Flash        Conj/Hex       46%        N/A       3%          3
d - Confusing Touch       Hex            39%        N/A       1%          3
e - Cause Fear            Hex            19%        N/A       1%          4

Your spell library contained the following spells:

 Spells                   Type           Power      Damage    Failure   Level
 Slow                     Hex            100%       N/A       1%          1
 Portal Projectile        Hex/Tloc       46%        N/A       3%          3
 Necrotise                Necr           28%        1d5       10%         1
 Leda's Liquefaction      Hex/Erth       11%        N/A       13%         4
 Passwall                 Tmut/Erth      5%         N/A       14%         2
 Call Canine Familiar     Summ           7%         N/A       28%         3
 Swiftness                Air            7%         N/A       28%         3
 Vampiric Draining        Necr           7%         2d6       28%         3
 Summon Lightning Spire   Summ/Air       7%         N/A       67%         4
 Agony                    Necr           7%         N/A       95%         5
 Blade Hands              Tmut           3%         N/A       95%         5
 Dragon Form              Tmut           3%         N/A       100%        7
 Storm Form               Tmut/Air       3%         N/A       100%        7
 Maxwell's Capacitive Co  Air            3%         ∞         100%        8
 Dragon's Call            Summ           3%         N/A       100%        9


Dungeon Overview and Level Annotations

Branches:
Dungeon (7/15)             Temple (1/1) D:6         Ossuary (visited)

Altars:
Cheibriados
Dithmenos
Gozag
Kikubaaqudgha
Qazlal
Sif Muna
Uskayaw
Vehumet
Wu Jian
Zin
The Shining One

Shops:
D:6 [=

Annotations:
D:5 2 transporters, Sekuso's ghost, novice OpDe
D:6 1 transporter, Smoky173's ghost, novice HOMo


Innate Abilities, Weirdness & Mutations

You are very small and have problems with some larger weapons.
You are too small for most types of armour.
You have supernaturally acute eyesight. (SInv)
You cover ground extremely quickly. (Speed+++)
You have large cloven feet.
You are partially covered in iridescent scales. (AC +2)
You are agile. (Dex +4, Str/Int -1)


Message History

The orc wizard is heavily wounded.
The orc wizard misses you.
The orc wizard hits you but does no damage.
Unknown command.
You barely miss the orc wizard.
The orc wizard is heavily wounded.
The orc wizard completely misses you.
The orc wizard hits you but does no damage. x2
Unknown command.
You hit the orc wizard.
The orc wizard looks as sick as possible!
Your kick misses the orc wizard.
The orc wizard is severely wounded.
The orc wizard closely misses you. The orc wizard casts a spell at you.
The magic dart hits you.
The orc wizard hits you with a +0 dagger.
You are too injured to fight recklessly!
Unknown command.
You are too injured to fight recklessly!
Unknown command.
You are too injured to fight recklessly!
Unknown command.
You are too injured to fight recklessly!
Unknown command.
You are too injured to fight recklessly!
Unknown command.
Casting: Confusing Touch (safe; 1% risk of failure)
Confirm with . or Enter, or press ? or * to list all spells.
Aiming: Ensorcelled Hibernation (safe; 1% risk of failure)
Press: ? - help, Shift-Dir - straight line, f - orc wizard
Aim: an orc wizard, wielding a +0 dagger and wearing a +0 robe (severely wounded, slightly transparent, extremely poisoned, chance to affect: 55%)
The orc wizard resists with significant effort.
The orc wizard points at you and mumbles some strange words.
The magic dart hits you!
* * * LOW HITPOINT WARNING * * *
The orc wizard hits you but does no damage.
The orc wizard points at you and mumbles some strange words.
The magic dart hits you!
You die...

...###..###..###..#.....# #..
..................#.....########.
................(.#............#<
..................#............#.
..................#............#.
...#########'######............#.
...#.......†...................#.
...#...........................#.
...#............@o......###+####.
###...........[oo......#......#.
#......##+###..........#......'.
#......#....#..........#####+###
#......#....#.....####..........
#......'....####'##..'..........
##......#.............#..........
........#....##...#####..........
........#....##...##..#....#'####


You could see 3 orc wizards.

Vanquished Creatures
  3 yaks (D:7)
  A steam dragon (D:7)
  2 ice beasts (D:6)
  A sky beast (D:7)
  A centaur (D:5)
  3 phantoms
  2 gnoll sergeants (D:6)
  2 bullfrogs
  A scorpion (D:4)
  2 howler monkeys
  A centaur zombie (Ossuary)
  2 jellies
  6 hounds
  A human zombie (Ossuary)
  A gnoll bouda (D:6)
  An iguana (D:7)
  2 orc wizards (D:5)
  4 mummies
  A gnoll (D:6)
  8 adders
  2 shadow imps
  3 white imps
  An ufetubus (D:5)
  2 worms (D:5)
  2 dart slugs
  16 orcs
  8 ball pythons
  4 bats
  4 endoplasms
  5 giant cockroaches
  2 gnoll zombies (Ossuary)
  3 goblins
  11 hobgoblins
  11 jackals
  6 kobolds
  2 quokkas (D:2)
  4 frilled lizards
  2 goblin zombies (Ossuary)
  A hobgoblin zombie (Ossuary)
  An orc zombie (Ossuary)
  8 rats
143 creatures vanquished.

Vanquished Creatures (collateral kills)
  An orc warrior (D:7)
  An ogre (D:6)
2 creatures vanquished.

Vanquished Creatures (others)
  6 plants (D:6)
6 creatures vanquished.

Grand Total: 151 creatures vanquished

Notes
Turn   | Place    | Note
-------+----------+-------------------------------------------
     0 | D:1      | zimplof the Spriggan Enchanter began the quest for the Orb.
     0 | D:1      | Reached XP level 1. HP: 9/9 MP: 5/5
   276 | D:2      | Reached XP level 2. HP: 6/13 MP: 7/7
   290 | D:2      | Learned a level 2 spell: Ensorcelled Hibernation
   761 | D:2      | Reached XP level 3. HP: 16/16 MP: 9/9
   765 | D:2      | Learned a level 3 spell: Tukima's Dance
   769 | D:2      | Learned a level 3 spell: Confusing Touch
  1561 | D:1      | Noticed an eye of devastation
  1563 | D:1      | Found a faded altar of an unknown god.
  1564 | D:1      | Noticed a floating eye
  1564 | D:1      | Noticed a great orb of eyes
  1564 | D:1      | Noticed a great orb of eyes
  2041 | D:1      | Reached XP level 4. HP: 21/21 MP: 11/11
  2218 | D:1      | Reached skill level 5 in Hexes
  2646 | D:3      | Gained mutation: You have sharp fingernails. [potion of
                  | mutation]
  2647 | D:3      | Lost mutation: You have sharp fingernails. [potion of
                  | mutation]
  2647 | D:3      | Gained mutation: Your system is resistant to poisons.
                  | (rPois) [potion of mutation]
  2647 | D:3      | Gained mutation: You occasionally shout uncontrollably at
                  | your foes. [potion of mutation]
  2647 | D:3      | Gained mutation: You are partially covered in iridescent
                  | scales. (AC +2) [potion of mutation]
  3814 | D:4      | Reached XP level 5. HP: 22/24 MP: 13/13
  3834 | D:4      | Reached skill level 5 in Spellcasting
  3850 | D:4      | Learned a level 3 spell: Dazzling Flash
  4564 | D:5      | Entered Level 5 of the Dungeon
  4564 | D:5      | Noticed a phantom
  4569 | D:5      | Reached XP level 6. HP: 28/28 MP: 15/15
  4589 | D:5      | Reached skill level 5 in Stealth
  4894 | D:5      | Found a shimmering blue altar of Sif Muna.
  4914 | D:5      | Found a transporter.
  4916 | D:5      | Noticed Sekuso's ghost (novice OpDe)
  4956 | D:5      | Found a transporter.
  5415 | D:5      | Found an opulent altar of Gozag.
  5439 | D:5      | Reached XP level 7. HP: 18/32 MP: 17/17
  5470 | D:5      | Reached skill level 6 in Stealth
  5937 | D:6      | Found Vidugoat's Jewellery Shoppe.
  6185 | D:6      | Reached skill level 7 in Stealth
  6327 | D:6      | Found a transporter.
  6342 | D:6      | Found Kucwafimij's Armour Shoppe.
  6536 | D:6      | Reached XP level 8. HP: 27/36 MP: 16/20
  6756 | D:6      | Reached skill level 8 in Stealth
  6895 | D:6      | Identified the +6 spear of Beogh, Freezing {spect, *Slow
                  | rElec rPois Stlth+}
  6902 | D:6      | Noticed Smoky173's ghost (novice HOMo)
  6904 | D:6      | Identified the ring of Propriety {rF+ rC+ Int+2 Stlth-}
  6924 | D:6      | Learned a level 4 spell: Cause Fear
  6941 | D:6      | Found a staircase to the Ecumenical Temple.
  6960 | Temple   | Entered the Ecumenical Temple
  7097 | Temple   | Became a worshipper of Dithmenos the Shadowed
  7312 | D:6      | Found a transporter.
  7876 | D:7      | Reached skill level 9 in Stealth
  8355 | D:7      | Found a sand-covered staircase.
  8367 | Ossuary  | Entered an ossuary
  8679 | Ossuary  | Lost mutation: You are partially covered in iridescent
                  | scales. (AC +2) [potion of mutation]
  8679 | Ossuary  | Lost mutation: You occasionally shout uncontrollably at
                  | your foes. [potion of mutation]
  8679 | Ossuary  | Gained mutation: You occasionally lose the ability to drink
                  | potions when taking damage. [potion of mutation]
  8680 | Ossuary  | Lost mutation: You occasionally lose the ability to drink
                  | potions when taking damage. [potion of mutation]
  8680 | Ossuary  | Lost mutation: Your system is resistant to poisons. (rPois)
                  | [potion of mutation]
  8680 | Ossuary  | Gained mutation: Your flesh is heat resistant. (rF+)
                  | [potion of mutation]
  8680 | Ossuary  | Gained mutation: Armour fits poorly on your strangely
                  | shaped body. [potion of mutation]
  8680 | Ossuary  | Gained mutation: Your system is resistant to poisons.
                  | (rPois) [potion of mutation]
  9008 | D:7      | Lost mutation: Your system is resistant to poisons. (rPois)
                  | [potion of mutation]
  9008 | D:7      | Lost mutation: Your flesh is heat resistant. (rF+) [potion
                  | of mutation]
  9008 | D:7      | Lost mutation: Armour fits poorly on your strangely shaped
                  | body. [potion of mutation]
  9008 | D:7      | Gained mutation: You are partially covered in iridescent
                  | scales. (AC +2) [potion of mutation]
  9008 | D:7      | Gained mutation: You have large cloven feet. [potion of
                  | mutation]
  9008 | D:7      | Gained mutation: You are agile. (Dex +4, Str/Int -1)
                  | [potion of mutation]
  9018 | D:7      | Reached skill level 10 in Stealth
  9413 | D:7      | Reached XP level 9. HP: 21/39 MP: 21/23
  9569 | D:7      | Killed from afar by an orc wizard

Illustrated notes

Levels and vault maps discovered:
D:1:      mushboom_english_gardens, layout_basic,
          hellmonk_ecumenical_altar_watching_god, st_stairs_12,
          hangedman_decor_diamond_cutter
D:2:      layout_basic, minmay_unequal
D:3:      layout_basic
D:4:      layout_rooms, minmay_cupped
D:5:      layout_rooms, general_overflow_altar, nicolae_gozag_seed_capital,
          gammafunk_ghost_stat_death, serial_co_window_serial,
          co_window_paths_a, co_window_cross_1, co_window_corner_a,
          co_window_paths_a, co_window_of_opportunity_a, co_window_cross_1,
          co_window_cross_1, co_window_corner_cb, co_window_unsneaky_path_d,
          co_window_corner_b, co_window_4corner_a, glass_columns_a,
          glass_columns_b, minmay_misc_feat_tiny, grunt_decor_clamped
D:6:      layout_layer_cave, minmay_temple_entry_overgrown, serial_shops,
          nicolae_lakefront_shop, gammafunk_ghost_gnarly_gnolls,
          nicolae_stop_n_shop_2
D:7:      layout_gridville, gup_ossuary_entry_pyramid
Temple:   regret_index_temple_sphere_string

Skill      XL: |  1  2  3  4  5  6  7  8 |
---------------+-------------------------+-----
Spellcasting   | 3 4 5 6 7 9 |  9.5
Hexes          | 4 5 6 7 8 9 |  9.8
Stealth        | 5 7 10 | 10.8
Short Blades   | |  1.1
Dodging        | |  2.6

Action                   |  1- 3 |  4- 6 |  7- 9 || total
-------------------------+-------+-------+-------++-------
Melee: Dagger            |   133 |   202 |   230 ||   565
       Punch             |     1 |     1 |     5 ||     7
       Kick              |       |       |     8 ||     8
 Cast: Ensorcelled Hiber |    18 |     2 |    17 ||    37
       Confusing Touch   |       |     4 |    12 ||    16
       Tukima's Dance    |       |       |     4 ||     4
  Use: Scroll            |     6 |    12 |     6 ||    24
       Potion            |     1 |     2 |     7 ||    10
 Stab: Invisible         |     3 |       |     3 ||     6
       Sleeping          |    17 |    13 |    16 ||    46
       Confused          |       |     3 |    13 ||    16
       Distracted        |       |       |     1 ||     1
Armor: Robe              |    20 |    23 |    20 ||    63
       Steam dragon scal |       |       |     5 ||     5
Dodge: Dodged            |   100 |   132 |   128 ||   360

Table legend: (Time is in decaauts)
 A = Elapsed time spent in this place.
 B = Non-inter-level travel time spent in this place.
 C = Inter-level travel time spent in this place.
 D = Time resting spent in this place.
 E = Time spent auto-exploring this place.
 F = Levels seen in this place.
 G = Mean time per level.
                   A        B        C        D        E       F      G
               +--------+--------+--------+--------+--------+-----+--------+
         Total |   7398 |   7238 |    160 |    872 |   4839 |   9 |  822.0 |
       Dungeon |   6824 |   6698 |    126 |    631 |   4756 |   7 |  974.9 |
        Temple |    108 |     74 |     34 |      0 |     67 |   1 |  108.0 |
       Ossuary |    466 |    466 |      0 |    241 |     15 |   1 |  466.0 |
               +--------+--------+--------+--------+--------+-----+--------+

Top non-repeatable levels by time:
     D:6: 1390 daAuts
     D:5: 1029 daAuts
     D:1: 1017 daAuts
     D:2: 916 daAuts
     D:7: 869 daAuts
     D:4: 828 daAuts
     D:3: 772 daAuts
 Ossuary: 466 daAuts
  Temple: 108 daAuts
